 Dungeon Crawl Stone Soup version 0.28-b1-70-g80dc712255 (webtiles) character file.

Game seed: 14946507935119499072

91 adizb the Slasher (level 4, -1/33 HPs)
             Began as a Human Gladiator on Feb 3, 2022.
             Succumbed to YungCoward's ghost's poison
             ... on level 3 of the Dungeon.
             The game lasted 00:10:40 (1854 turns).

adizb the Slasher (Human Gladiator)                 Turns: 1854, Time: 00:10:40

Health: -1/33      AC: 11    Str: 17    XL:     4   Next: 87%
Magic:  4/4        EV:  7    Int:  8    God:
Gold:   164        SH:  5    Dex: 14    Spells: 3/3 levels left

rFire   . . .      SeeInvis +   a - +1 long sword
rCold   . . .      Faith    .   (no shield)
rNeg    . . .      Spirit   .   s - +2 chain mail "Tifi" {Rampage rElec Will+ SInv}
rPois   .          Reflect  +   c - +0 helmet
rElec   +          Harm     .   (no cloak)
rCorr   .          Rampage  +   (no gloves)
Will    +....                   (no boots)
Stlth   ..........              b - amulet of reflection
HPRegen 0.11/turn               (no ring)
MPRegen 0.09/turn               (no ring)

@: lethally poisoned (-1 -> -32)
A: no striking features
a: no special abilities


You were on level 3 of the Dungeon.
You visited 1 branch of the dungeon, and saw 3 of its levels.

You collected 164 gold pieces.

Inventory:

Hand Weapons
 a - a +1 long sword (weapon)
 m - a +4 dagger of speed
 t - a +4 shortbow
Missiles
 d - 3 throwing nets (quivered)
Armour
 c - a +0 helmet (worn)
 s - the +2 chain mail "Tifi" (worn) {Rampage rElec Will+ SInv}
   (You took it off an orc on level 3 of the Dungeon)

   rElec:     It insulates you from electricity.
   SInv:      It lets you see invisible.
   Rampage:   It bestows one free step when moving towards enemies.
   Will:      It increases your willpower.
Jewellery
 b - an amulet of reflection (around neck)
 k - an amulet of guardian spirit
Wands
 n - a wand of charming (10)
Scrolls
 f - a scroll of identify {unknown}
 h - a scroll of fear {unknown}
 q - a scroll of teleportation {unknown}
Potions
 e - a potion of berserk rage {unknown}
 i - a potion of flight {unknown}
 l - 2 potions of might {unknown}
 r - a potion of attraction {unknown}


   Skills:
 - Level 2.0 Fighting
 * Level 5.2 Long Blades
 - Level 2.0 Throwing
 - Level 3.0 Dodging


You had 3 spell levels left.
You didn't know any spells.
Your spell library was empty.

Dungeon Overview and Level Annotations

Branches:
Dungeon (3/15)

Altars:
Beogh

Annotations:
D:3 YungCoward's ghost, amateur HOFi


Message History

YungCoward's ghost hits you but does no damage.
You are more poisoned.
You hit YungCoward's ghost but do no damage.
You feel very sick. YungCoward's ghost barely misses you.
You hit YungCoward's ghost.
YungCoward's ghost is lightly damaged.
You feel sick.
YungCoward's ghost hits you but does no damage.
You are lethally poisoned!
You hit YungCoward's ghost but do no damage.
YungCoward's ghost is lightly damaged.
You feel very sick. You block YungCoward's ghost's attack.
You slash YungCoward's ghost!
YungCoward's ghost is moderately damaged.
* * * LOW HITPOINT WARNING * * *
You feel very sick. YungCoward's ghost hits you.
* * * LOW HITPOINT WARNING * * *
You are more poisoned.
Okay, then.
You feel much better.
You feel very sick.
YungCoward's ghost hits you but does no damage.
You are more poisoned.
You barely miss YungCoward's ghost.
YungCoward's ghost is moderately damaged.
You feel very sick. You block YungCoward's ghost's attack.
YungCoward's ghost barely misses you.
You hit YungCoward's ghost but do no damage.
YungCoward's ghost is moderately damaged.
You feel very sick.
YungCoward's ghost whispers, "They're coming for you..."
YungCoward's ghost hits you!
* * * LOW HITPOINT WARNING * * *
You are more poisoned.
You slash YungCoward's ghost!
YungCoward's ghost is heavily damaged.
You die...

. #.......#
#.(.....#########
#...............####.#
###..............†......
#.................####.#
#.#.......#...@...#
###.#..†....#..W....#
#.......................
#.....8.............8###
#.....######'''#######
#.....#.............#
#.....#....#####....#
#.....#.###.....###.#
#.....#.#8#..8..# #
#....#


You could see YungCoward's ghost.

Vanquished Creatures
  An adder (D:2)
  2 dart slugs (D:3)
  11 orcs (D:3)
  7 bats
  2 endoplasms
  A giant cockroach (D:2)
  6 goblins
  6 hobgoblins
  6 jackals
  2 kobolds
  A quokka (D:3)
  4 ball pythons
  8 frilled lizards
  5 rats
62 creatures vanquished.

Notes
Turn   | Place    | Note
-------+----------+-------------------------------------------
     0 | D:1      | adizb the Human Gladiator began the quest for the Orb.
     0 | D:1      | Reached XP level 1. HP: 16/16 MP: 1/1
   105 | D:1      | Reached XP level 2. HP: 16/22 MP: 2/2
   313 | D:1      | Reached skill level 4 in Long Blades
   313 | D:1      | Reached XP level 3. HP: 23/27 MP: 3/3
   898 | D:2      | Reached XP level 4. HP: 22/33 MP: 4/4
  1680 | D:3      | Reached skill level 5 in Long Blades
  1760 | D:3      | Found a runed translucent gate.
  1761 | D:3      | Found a runed translucent gate.
  1761 | D:3      | Noticed YungCoward's ghost (amateur HOFi)
  1763 | D:3      | Identified the +2 chain mail "Tifi" {Rampage rElec Will+
                  | SInv}
  1765 | D:3      | Found a runed translucent gate.
  1841 | D:3      | HP: 1/33 [poisoned by YungCoward's ghost]
  1854 | D:3      | Succumbed to YungCoward's ghost's poison

Illustrated notes

Levels and vault maps discovered:
D:1:      minmay_arrival_checkered_box, layout_loops_ring, minmay_ruptured
D:2:      layout_loops_ring
D:3:      layout_basic, biasface_ghost_orc_armoury, nicolae_elevator_lobby_plus

Skill      XL: |  1  2  3  4 |
---------------+-------------+-----
Long Blades    | 4 5 |  5.2
Fighting       | |  2.0
Throwing       | |  2.0
Dodging        | |  3.0

Action                   |  1- 3 |  4- 6 || total
-------------------------+-------+-------++-------
Melee: Long sword        |    97 |    86 ||   183
  Use: Potion            |       |     4 ||     4
       Scroll            |       |     3 ||     3
 Stab: Sleeping          |     2 |       ||     2
Armor: Leather armour    |    20 |       ||    20
       Ring mail         |     9 |    26 ||    35
       Chain mail        |       |     3 ||     3
Dodge: Dodged            |    64 |    24 ||    88
Block: Other             |     6 |    23 ||    29
       Reflection        |       |     2 ||     2
